 Dungeon Crawl Stone Soup version 0.31-a0-214-gb37851dbb3 (webtiles) character file.

Game seed: 3314222139292449147

1215 qw the Skirmisher (level 8, -1/70 HPs)
             Began as a Minotaur Hexslinger on July 1, 2023.
             Slain by an ice beast (2 damage)
             ... on level 7 of the Dungeon.
             The game lasted 00:01:54 (4761 turns).

qw the Skirmisher (Minotaur Hexslinger)             Turns: 4761, Time: 00:01:55

Health: -1/70      AC:  6    Str: 14    XL:     8   Next: 22%
Magic:  8/8        EV: 11    Int: 10    God:
Gold:   289        SH:  0    Dex: 14    Spells: 8/9 levels left

rFire   . . .        Y - +2 sling
rCold   . . .        (no shield)
rNeg    . . .        d - +0 ring mail
rPois   .            (helmet restricted)
rElec   .            (no cloak)
rCorr   +            (no gloves)
SInv    .            k - +0 pair of boots
Will    .....        (no amulet)
Stlth   +            c - ring of resist corrosion
HPRegen 0.31/turn    (no ring)
MPRegen 0.11/turn

%: no passive effects
@: no status effects
A: horns 2, retaliatory headbutt
a: no special abilities


You were on level 7 of the Dungeon.
You visited 1 branch of the dungeon, and saw 7 of its levels.

You collected 289 gold pieces.


Innate Abilities, Weirdness & Mutations

You have a pair of horns on your head.
You reflexively headbutt those who attack you in melee.


   Skills:
 + Level 5.9 Fighting
 - Level 9.3 Ranged Weapons
 - Level 2.1 Armour
 - Level 2.1 Dodging
 - Level 1.0 Spellcasting
 - Level 2.0 Hexes


You had 8 spell levels left.
You knew the following spells:

 Your Spells              Type           Power      Damage    Failure   Level
a - Slow                  Hex            16%        N/A       30%         1

Your spell library contained the following spells:

 Spells                   Type           Power      Damage    Failure   Level
 Inner Flame              Hex/Fire       2%         N/A       80%         3
 Portal Projectile        Hex/Tloc       4%         N/A       80%         3
 Cause Fear               Hex            2%         N/A       96%         4

Inventory:

Hand Weapons
 Y - a +2 sling (weapon)
Armour
 d - a +0 ring mail (worn)
 k - a +0 pair of boots (worn)
Jewellery
 c - a ring of resist corrosion (left hand)
 i - a ring of fire
Wands
 l - a wand of digging (4)
Scrolls
 b - a scroll of identify
Potions
 a - a potion of mutation
 e - a potion of haste
 f - a potion of invisibility {unknown}
 g - a potion of curing
 h - a potion of berserk rage {unknown}
 j - a potion of lignification {unknown}

Dungeon Overview and Level Annotations

Branches:
Dungeon (8/15)
 Temple: D:4-7         Lair: D:8-11

Altars:
Vehumet

Annotations:
D:7 Joseph, Prince Ribbit


Message History

Joseph shoots a sling bullet.
The sling bullet hits you!
You shoot a sling bullet.
The sling bullet barely misses the shadow imp.
Prince Ribbit blinks!
The orc barely misses you. The shadow imp misses you.
You shoot a sling bullet. The sling bullet hits the shadow imp.
The shadow imp is almost dead.
The orc misses you. The orc closely misses you. You furiously retaliate!
You headbutt the orc!
You kill the orc!
The shadow imp gestures at you. Pain shoots through your body!
Joseph shoots a sling bullet.
The sling bullet barely misses you.
You shoot a sling bullet. The sling bullet hits the shadow imp!
You kill the shadow imp!
The orc hits you with a +2 dagger of holy wrath.
The orc hits you but does no damage.
Joseph shoots a sling bullet.
The sling bullet closely misses you.
You shoot a sling bullet.
The sling bullet hits the ice beast but does no damage.
The ice beast hits you but does no damage.
The orc hits you but does no damage. x2; Joseph shoots a sling bullet.
The sling bullet closely misses you.
You shoot a sling bullet. The sling bullet hits the ice beast!
The ice beast is moderately wounded.
The ice beast hits you. The ice beast freezes you! The orc closely misses you.
The orc hits you with a +2 dagger of holy wrath.
Joseph shoots a sling bullet.
The sling bullet hits you!
You shoot a sling bullet.
The sling bullet closely misses the ice beast.
The sling bullet hits the orc!
You kill the orc!
The ice beast barely misses you. You furiously retaliate!
You headbutt the ice beast! The orc hits you with a +0 club.
The orc barely misses you.
Joseph shoots a sling bullet.
The sling bullet hits you!
You shoot a sling bullet. The sling bullet hits the ice beast!
The ice beast is almost dead.
Prince Ribbit closely misses you. The orc misses you. You furiously retaliate!
You headbutt the orc. The ice beast hits you.
You die...

#.# # ## #..
... #.#.#. .
..... ...
#.#.#
...@###)..#.#
......oYo...#
......)@#
.>#.###F# #.#
#.# ..# #..
###


You could see Joseph, Prince Ribbit, an ice beast and 2 orcs.

Vanquished Creatures
  Sigmund (D:2)
  A water moccasin (D:5)
  Duvessa (D:5)
  An ogre (D:3)
  4 scorpions
  Dowan (D:5)
  A quasit (D:5)
  A gnoll bouda (D:4)
  2 hounds (D:5)
  Terence (D:2)
  A sleepcap (D:5)
  An iguana (D:5)
  6 adders
  4 gnolls (D:4)
  5 shadow imps
  5 white imps (D:5)
  4 ufetubi (D:5)
  A worm (D:2)
  2 dart slugs
  10 orcs
  10 ball pythons
  5 endoplasms
  6 giant cockroaches
  6 goblins
  4 hobgoblins
  4 jackals (D:1)
  3 quokkas
  6 bats
  4 frilled lizards
  6 kobolds
  5 rats
112 creatures vanquished.

Notes
Turn   | Place    | Note
-------+----------+-------------------------------------------
     0 | D:1      | qw the Minotaur Hexslinger began the quest for the Orb.
     0 | D:1      | Reached XP level 1. HP: 16/16 MP: 1/1
     0 | D:1      | 0 ||| qw: Version: 0.3-a-32-g5962c71
     0 | D:1      | 0 ||| qw: Game counter: 7661
     0 | D:1      | 0 ||| qw: Melee chars always use a shield: true
     0 | D:1      | 0 ||| qw: God list: Okawaru
     0 | D:1      | 0 ||| qw: Allow faded altars: false
     0 | D:1      | 0 ||| qw: Do Orc after clearing Dungeon:15 true
     0 | D:1      | 0 ||| qw: Do second Lair branch before Depths: true
     0 | D:1      | 0 ||| qw: Lair rune preference: random
     0 | D:1      | 0 ||| qw: Goals: Normal
     0 | D:1      | 0 ||| PLANNING D:1-11
   107 | D:1      | Reached skill level 3 in Ranged Weapons
   107 | D:1      | Reached XP level 2. HP: 23/23 MP: 2/2
   310 | D:1      | Found a faded altar of an unknown god.
   580 | D:1      | Reached XP level 3. HP: 19/29 MP: 3/3
   687 | D:1      | 687 ||| UPGRADING to +0 ring mail.
   697 | D:1      | 697 ||| DROPPING +0 robe.
   698 | D:1      | 698 ||| READING scroll labelled ELUOSOASKE.
   699 | D:1      | 699 ||| READING scroll labelled FEZEADWUOTIKK.
   700 | D:1      | 700 ||| DRINKING 2 coppery potions.
   701 | D:1      | 701 ||| DROPPING scroll of poison.
   764 | D:2      | Reached skill level 4 in Ranged Weapons
   846 | D:2      | Reached skill level 1 in Armour
   981 | D:2      | Reached XP level 4. HP: 28/36 MP: 4/4
  1009 | D:2      | Noticed Sigmund
  1016 | D:2      | 1016 ||| FLEEEEING.
  1017 | D:2      | 1017 ||| FLEEEEING.
  1018 | D:2      | 1018 ||| FLEEEEING.
  1019 | D:2      | 1019 ||| FLEEEEING.
  1020 | D:2      | 1020 ||| FLEEEEING.
  1021 | D:2      | 1021 ||| FLEEEEING.
  1022 | D:2      | 1022 ||| FLEEEEING.
  1040 | D:2      | Killed Sigmund
  1041 | D:2      | Reached skill level 6 in Ranged Weapons
  1041 | D:2      | Reached XP level 5. HP: 16/41 MP: 5/5
  1211 | D:2      | Noticed Terence
  1220 | D:2      | Killed Terence
  1319 | D:2      | Found a radiant altar of Vehumet.
  1479 | D:2      | 1479 ||| UPGRADING to +0 pair of boots.
  1484 | D:2      | 1484 ||| READING scroll labelled TEMMAPA JODALE.
  1485 | D:2      | 1485 ||| READING scroll labelled GYDATE BIEGI.
  1488 | D:2      | 1488 ||| DRINKING 2 bubbling grey potions.
  1489 | D:2      | 1489 ||| DROPPING potion of attraction.
  1593 | D:3      | Noticed an ogre
  1605 | D:3      | Killed an ogre
  1606 | D:3      | Reached XP level 6. HP: 37/52 MP: 6/6
  2306 | D:3      | 2306 ||| READING scroll labelled WUNIKUCLUR.
  2307 | D:3      | 2307 ||| READING scroll labelled YTSOFO JEOGOUS.
  2308 | D:3      | 2308 ||| READING scroll labelled LEYGIG UTHRA.
  2309 | D:3      | 2309 ||| DRINKING 2 fizzy clear potions.
  2310 | D:3      | 2310 ||| DROPPING potion of degeneration.
  2367 | D:4      | 2367 ||| READING scroll labelled GIACKI DOPIBUKK.
  2578 | D:4      | Reached skill level 7 in Ranged Weapons
  2667 | D:4      | 2667 ||| FLEEEEING.
  2688 | D:4      | Reached XP level 7. HP: 26/59 MP: 7/7
  3279 | D:4      | 3279 ||| READING 2 scrolls of identify.
  3279 | D:4      | 3279 ||| IDENTIFYING fizzy yellow potion
  3301 | D:5      | Entered Level 5 of the Dungeon
  3491 | D:5      | Reached skill level 8 in Ranged Weapons
  3508 | D:5      | HP: 14/59 [shadow imp/nerve-wracking pain (10)]
  3509 | D:5      | 3509 ||| READING scroll of teleportation.
  3813 | D:5      | 3813 ||| Stepping ~*~*~tactically~*~*~ (outnumbered).
  4144 | D:5      | Noticed Duvessa
  4146 | D:5      | Noticed Dowan
  4148 | D:5      | 4148 ||| Stepping ~*~*~tactically~*~*~ (outnumbered).
  4160 | D:5      | Killed Duvessa
  4163 | D:5      | Killed Dowan
  4376 | D:5      | Reached skill level 9 in Ranged Weapons
  4376 | D:5      | Reached XP level 8. HP: 64/68 MP: 8/8
  4713 | D:5      | You fall into a shaft and drop 3 floors!
  4741 | D:8      | 4741 ||| UPGRADING to ring of resist corrosion.
  4742 | D:8      | 4742 ||| READING 2 scrolls of identify.
  4742 | D:8      | 4742 ||| IDENTIFYING smoky clear potion
  4752 | D:7      | Noticed Prince Ribbit
  4752 | D:7      | Noticed Joseph
  4759 | D:7      | HP: 10/70 [Joseph/sling bullet (10)]
  4760 | D:7      | HP: 1/70 [Joseph/sling bullet (7)]
  4761 | D:7      | Slain by an ice beast

Levels and vault maps discovered:
D:1:      dpeg_arrival_lava_temple_mockup, layout_loops_ring,
          ebering_ecumenical_altar_rust
D:2:      layout_rooms, basic_altar, uniq_sigmund, uniq_terence
D:3:      layout_loops_ring
D:4:      layout_loops_cross, serial_co_window_serial, co_window_corner_a,
          co_window_corner_a, co_window_paths_a, co_window_of_opportunity_a,
          co_window_paths_a, co_window_of_opportunity_c, co_window_broadway_c,
          co_window_corner_ca, co_window_2corner, glass_columns_a,
          glass_columns_c, minmay_misc_feat_nine_boxes, st_stairs_11
D:5:      layout_gridville, serial_demonic, serial_demonic_a, serial_demonic_a,
          serial_demonic_d, serial_demonic_b, uniq_duvessa
D:7:      layout_loops_ring, chequers_temple_overflow_minitemple,
          minmay_temple_entry_enclosed_plants, dreamdust_gnoll_shepherd,
          uniq_joseph, uniq_prince_ribbit1
D:8:      layout_basic, serial_undead, serial_undead_d, serial_undead_e,
          serial_undead_d, serial_undead_a, grunt_ministairs_10,
          minmay_misc_feat_hallway, nicolae_elemental_shop,
          hangedman_abyss_or_decor_lesser_grid, uniq_grum

Skill      XL: |  1  2  3  4  5  6  7 |
---------------+----------------------+-----
Ranged Weapons | 3 4 6 7 9 |  9.3
Fighting       | 2 4 5 |  5.9
Armour         | 1 2 |  2.1
Dodging        | |  2.1
Spellcasting   | |  1.0
Hexes          | |  2.0

Action                     |  1- 3 |  4- 6 |  7- 9 || total
---------------------------+-------+-------+-------++-------
   Fire: Sling             |   112 |   175 |   209 ||   496
    Use: Scroll            |     2 |     6 |     3 ||    11
         Potion            |     1 |     2 |       ||     3
 Armour: Robe              |     4 |       |       ||     4
         Ring mail         |    13 |    22 |    51 ||    86
  Dodge: Dodged            |    41 |    50 |    97 ||   188

Table legend:
 A = Non-vault XP
 B = Vault XP
 C = Vault XP percentage of total XP
 D = Non-vault monster count
 E = Vault monster count
 F = Vault count percentage of total count
                 A         B        C        D         E       F
            +---------+---------+-------+---------+---------+-------
      Total |    1110 |     627 |  36.1 |      93 |      19 |  17.0
            +---------+---------+-------+---------+---------+-------
        D:1 |      43 |       0 |   0.0 |      24 |       0 |   0.0
        D:2 |      75 |     250 |  76.9 |      20 |       2 |   9.1
        D:3 |     258 |       0 |   0.0 |      18 |       0 |   0.0
        D:4 |     120 |       7 |   5.5 |      14 |       3 |  17.6
        D:5 |     596 |     370 |  38.3 |      14 |      14 |  50.0
        D:7 |      18 |       0 |   0.0 |       3 |       0 |   0.0
            +---------+---------+-------+---------+---------+-------
